 Dungeon Crawl Stone Soup version 0.31.0-11-ge490571c62 (webtiles) character file.

Game seed: 14755627071036801277

266517 cdecastro the Black Belt (level 19, 0/226 HPs)
             Began as a Grey Draconian Shapeshifter on Feb 9, 2024.
             Was the Champion of Kikubaaqudgha.
             Slain by a troll (2 damage)
             ... while petrified by asd2613's ghost
             ... on level 1 of the Orcish Mines.
             The game lasted 02:21:01 (56199 turns).

cdecastro the Black Belt (DrSh)                    Turns: 56199, Time: 02:21:02

Health: 0/226      AC: 18    Str: 21    XL:     19   Next: 33%
Magic:  0/26       EV:  2    Int: 11    God:    Kikubaaqudgha [******]
Gold:   1030       SH:  0    Dex: 18    Spells: 6/28 levels left

rFire   + .          .
                       - Unarmed
rCold   . . .        (shield currently unavailable)
rNeg    + + +        (body armour unavailable)
rPois   ∞            (helmet restricted)
rElec   .            r - +0 cloak
rCorr   .            f - melded +2 pair of gloves
SInv    .            y - +1 pair of boots
Will    .....        i - amulet of regeneration Stlth
                     h - ring "Ebupusy" {rPois rF+ rN+ Will- Str+4}
HPRegen 1.37/turn    p - ring of wizardry
MPRegen 0.20/turn

%: wizardry (x1)
@: berserking, blade hands, petrified, studying Summonings, unable to read
A: AC +15, amphibious, unfitting armour, cold-blooded, frail 1, teleportitis 1,
inability to read after injury 1
}: 2/15 runes: decaying, serpentine
a: Begin Untransformation, Renounce Religion, Unearth Wretches, Torment


You were on level 1 of the Orcish Mines.
You worshipped Kikubaaqudgha.
Kikubaaqudgha was exalted by your worship.
You had blades for hands.
You visited 6 branches of the dungeon, and saw 31 of its levels.
You visited the Abyss 1 time.
You also visited: Volcano.

You collected 2734 gold pieces.
You spent 1704 gold pieces at shops.

Inventory:

Armour
 f - a +2 pair of gloves (melded)
 r - a +0 cloak (worn)
 v - a +2 kite shield of reflection
 y - a +1 pair of boots (worn)
 X - a +1 buckler of protection
Magical Staves
 Y - a staff of cold
Jewellery
 e - an amulet of guardian spirit
 g - a ring of resist corrosion
 h - the ring "Ebupusy" (left blade hand) {rPois rF+ rN+ Will- Str+4}
   (You found it on level 1 of the Snake Pit)

   [ring of poison resistance]

   Str+4:     It affects your strength (+4).
   rF+:       It protects you from fire.
   rPois:     It protects you from poison rN+: It protects you from negative
   energy.
   Will-:     It decreases your willpower.
 i - an amulet of regeneration (around neck)
 p - a ring of wizardry (right blade hand)
 Q - a ring of see invisible
Talismans
 c - a flux talisman
 n - the serpent talisman of the Game Afoot {Int+4 Stlth-}
   (You took it off Aizul on level 2 of the Snake Pit)

   [serpent talisman]

   Int+4:     It affects your intelligence (+4).
   Stlth-:    It makes you less stealthy.
 H - a blade talisman (active)
 V - a maw talisman
Wands
 j - a wand of mindburst (36)
 A - a wand of acid (11)
 B - a wand of roots (31)
 C - a wand of charming (28)
 E - a wand of polymorph (23)
 G - a wand of flame (51)
 M - a wand of digging (4)
Scrolls
 a - 4 scrolls of fog
 d - 4 scrolls of immolation
 m - 3 scrolls of summoning
 q - 12 scrolls of teleportation
 t - 5 scrolls of fear
 w - 5 scrolls of poison
 x - 3 scrolls of blinking
 z - a scroll of acquirement
 K - 5 scrolls of enchant armour
 N - 3 scrolls of revelation
 O - a scroll of brand weapon
 S - a scroll of silence
 W - a scroll of torment
Potions
 b - a potion of mutation
 k - 5 potions of resistance
 l - 5 potions of brilliance
 o - 7 potions of haste
 s - 12 potions of curing
 u - 6 potions of invisibility
 D - 5 potions of enlightenment
 F - 3 potions of attraction
 I - 5 potions of might
 J - 3 potions of ambrosia
 L - 3 potions of magic
 P - a potion of lignification
 R - 4 potions of heal wounds
Miscellaneous
 T - a phial of floods
 U - a lightning rod (1/4)


   Skills:
 * Level 14.7 Fighting
 - Level 10.1 Dodging
 - Level 20.0 Unarmed Combat
 - Level 5.0 Spellcasting
 - Level 11.0 Necromancy
 - Level 11.0 Evocations
 + Level 16.7 Shapeshifting


You had 6 spell levels left.
You knew the following spells:

 Your Spells              Type           Power      Damage    Failure   Level
a - Necrotise             Necr           100%       1d9       1%          1
b - Kiss of Death         Conj/Necr      56%        2d9       1%          1
c - Fugue of the Fallen   Necr           26%        N/A       1%          3
d - Cigotuvi's Dreadful   Necr/Alch/Air  20%        N/A       3%          2
e - Dispel Undead         Necr           26%        3d13      1%          4
f - Curse of Agony        Necr           26%        N/A       2%          5
g - Death Channel         Necr           13%        N/A       14%         6

Your spell library contained the following spells:

 Spells                   Type           Power      Damage    Failure   Level
 Sublimation of Blood     Necr           26%        N/A       1%          2
 Foxfire                  Conj/Fire      8%         2x1d4     9%          1
 Magic Dart               Conj           8%         1d3       9%          1
 Anguish                  Hex/Necr       7%         N/A       9%          4
 Martyr's Knell           Necr/Summ      14%        N/A       9%          4
 Blink                    Tloc           4%         N/A       13%         2
 Ensorcelled Hibernation  Hex/Ice        4%         N/A       13%         2
 Searing Ray              Conj           4%         2d4       13%         2
 Borgnjor's Vile Clutch   Necr/Erth      7%         N/A       24%         5
 Confusing Touch          Hex            2%         N/A       26%         3
 Dazzling Flash           Conj/Hex       4%         N/A       26%         3
 Mephitic Cloud           Conj/Alch/Air  2%         N/A       26%         3
 Ozocubu's Armour         Ice            2%         N/A       26%         3
 Summon Ice Beast         Ice/Summ       2%         N/A       26%         3
 Tukima's Dance           Hex            2%         N/A       26%         3
 Volatile Blastmotes      Fire/Tloc      4%         2d10      26%         3
 Brom's Barrelling Bould  Conj/Erth      2%         2d3       61%         4
 Fulminant Prism          Conj/Alch      1%         3d5       61%         4
 Iskenderun's Mystic Bla  Conj/Tloc      2%         2d3       61%         4
 Manifold Assault         Tloc           2%         N/A       61%         4
 Olgreb's Toxic Radiance  Alch           2%         N/A       61%         4
 Passage of Golubria      Tloc           2%         N/A       61%         4
 Fireball                 Conj/Fire      1%         3d3       90%         5
 Iskenderun's Battlesphe  Conj           2%         2d6       90%         5
 Silence                  Hex/Air        1%         N/A       90%         5
 Summon Mana Viper        Hex/Summ       2%         N/A       90%         5
 Yara's Violent Unravell  Hex/Alch       1%         3d3       90%         5
 Conjure Ball Lightning   Conj/Air       1%         3x3d6     100%        6
 Dispersal                Tloc           1%         N/A       100%        6
 Plasma Beam              Fire/Air       1%         2x1d11    100%        6
 Sculpt Simulacrum        Ice/Alch       1%         N/A       100%        6
 Starburst                Conj/Fire      1%         6d3       100%        6
 Haunt                    Necr/Summ      7%         N/A       99%         7
 Borgnjor's Revivificati  Necr           13%        N/A       99%         8
 Infestation              Necr           13%        N/A       99%         8
 Monstrous Menagerie      Summ           1%         N/A       100%        7
 Orb of Destruction       Conj           1%         9d5       100%        7
 Ozocubu's Refrigeration  Ice            1%         4d7       100%        7
 Discord                  Hex            1%         N/A       100%        8
 Disjunction              Tloc           1%         N/A       100%        8
 Lehudib's Crystal Spear  Conj/Erth      1%         10d2      100%        8
 Death's Door             Necr           13%        N/A       100%        9


Dungeon Overview and Level Annotations

Branches:
Dungeon (15/15)            Temple (1/1) D:6            Lair (5/5) D:9
  Swamp (4/4) Lair:2        Snake (4/4) Lair:3        Slime (0/5) Lair:5
    Orc (2/2) D:12            Elf (0/3) Orc:2        Vaults (0/5) D:13
 Depths (0/4) D:15        Volcano (visited)

Altars:
Ashenzari
Cheibriados
Dithmenos
Elyvilon
Fedhas
Gozag
Hepliaklqana
Kikubaaqudgha
Makhleb
Nemelex Xobeh
Okawaru
Qazlal
Ru
Sif Muna
Trog
Uskayaw
Vehumet
Wu Jian
Xom
Yredelemnul
Zin
The Shining One

Shops:
D:3 (*((   D:5 (   D:6 ?   D:15 !:?   Orc:2 ([!![   Snake:4 :

Portals:
Trove: D:12 (give 15 scrolls of teleportation)

Annotations:
D:14 3 runed translucent doors, Kapsuk's ghost, journeyman DECj; SmokeWeed's ghost, journeyman MfGl
Swamp:3 swinepaste's ghost, journeyman DsMo
Orc:1 1 transporter, asd2613's ghost, journeyman DrCj


Innate Abilities, Weirdness & Mutations

You have blades for hands.
You are immune to poison.
You are incapable of wielding weapons or throwing items.
Your dull iron-grey scales are very hard. (AC +15)
You are amphibious.
You cannot fit into any form of body armour.
You are cold-blooded and may be slowed by cold attacks.
You are frail. (-10% HP)
You are occasionally teleported next to monsters.
You occasionally lose the ability to read scrolls when taking damage.


Message History

The orc warlord hits you with a +2 antimagic great sword!
* * * LOW HITPOINT WARNING * * *
You feel your power leaking away. The troll bites you but does no damage.
The troll becomes momentarily stuck in the liquid earth.
The troll claws you but does no damage.
Asd2613's ghost hits you but does no damage.
The moth of wrath bites you but does no damage.
The troll bites you.
* * * LOW HITPOINT WARNING * * *
The troll claws you!
* * * LOW HITPOINT WARNING * * *
The troll claws you but does no damage.
The orc warlord hits you with a +2 antimagic great sword!
* * * LOW HITPOINT WARNING * * *
You feel your power leaking away.
Asd2613's ghost hits you but does no damage.
The moth of wrath bites you!
* * * LOW HITPOINT WARNING * * *
Asd2613's ghost is no longer liquefying the ground.
The troll bites you!
* * * LOW HITPOINT WARNING * * *
The troll claws you but does no damage. The troll claws you!
* * * LOW HITPOINT WARNING * * *
The orc warlord hits you with a +2 antimagic great sword!!!
* * * LOW HITPOINT WARNING * * *
You feel your power leaking away. Asd2613's ghost casts a spell at you.
The stone arrow hits you!!!
* * * LOW HITPOINT WARNING * * *
The moth of wrath bites you.
* * * LOW HITPOINT WARNING * * *
The troll bites you!!
* * * LOW HITPOINT WARNING * * *
The troll claws you!!
* * * LOW HITPOINT WARNING * * *
The troll completely misses you. The troll barely misses you.
The troll claws you.
You die...
Kikubaaqudgha rasps: "You have failed me!
Welcome... oblivion!"

.....#.....## ..y...##..####
...........#####..#.##...#
..........##.#≈#.######..#
..........#..##[?.§#..#..#
..........#©...._!###)#..#
..........#..##.......#[.#
..........##.##≈#)...##[(#
..##.......#.$##yT...#.[.#
........#..###.o@...##..##
........#...###W©.###...#
..#....#.#....#####....## ###
..........##....©.......# ##.###
..........####..........# ##.....
...........# ##.###....####......
....##.....## ####.......#.......
...#.#......# ###...............#
......#.#...###.##.............##


You could see an orc warlord (strong), a moth of wrath, a troll (berserk) and
asd2613's ghost.

Vanquished Creatures
  Vashnia (Snake:3)
  Saint Roka (Snake:4)
  A bone dragon (Swamp:4)
  A tentacled monstrosity (Swamp:4)
  The ghost of pleonasm the Warrior, an adept OnBe of Trog (Swamp:3)
  The ghost of Geruufump the Severer, an adept MiBe of Trog (Swamp:3)
  A thorn hunter (Swamp:4)
  A tentacled starspawn (Abyss:1)
  Aizul (Snake:2)
  2 fenstrider witches (Swamp:1)
  6 nagarajas
  A cacodemon (Abyss:1)
  2 ghouls (Swamp:3)
  The ghost of michknight7 the Tortoise, a journeyman MiFi of Makhleb (Snake:1)
  An angel (Abyss:1)
  An eleionoma (Swamp:1)
  A dire elephant (Lair:5)
  4 bunyips
  An ettin (D:15)
  A shambling mangrove (Swamp:4)
  2 salamander tyrants
  10 hydras
  7 alligators
  3 ghost crabs
  2 catoblepae (Lair:5)
  A death knight (Abyss:1)
  Erolcha (D:11)
  9 anacondas
  3 centaur warriors
  3 boulder beetles
  5 two-headed ogres
  An occultist (D:15)
  6 orc high priests
  A spriggan berserker (Swamp:3)
  15 naga warriors
  11 shock serpents
  2 tengu warriors
  18 death yaks
  13 naga sharpshooters
  A deep elf knight (Swamp:3)
  Nergalle (Lair:2)
  The ghost of olmar the Grappler, a novice NaSh (D:7)
  A skyshark (Lair:3)
  10 skeletal warriors
  4 wretched stars (Abyss:1)
  2 large abominations (Abyss:1)
  A shadow wraith (D:12)
  A sixfirhy (Abyss:1)
  5 salamander mystics
  A death drake (Abyss:1)
  2 goliath frogs
  7 naga ritualists
  8 spriggan druids
  15 mana vipers
  An arcanist (D:15)
  A phantasmal warrior (Swamp:4)
  2 necromancers (D:15)
  The ghost of olddryhag the Changeling, a novice NaSh (D:5)
  4 spectral hydras (Swamp:4)
  2 lindwurms (Lair:5)
  7 orc knights
  5 swamp dragons
  6 bog bodies
  A spectral alligator (Swamp:4)
  Pikel (D:6)
  3 starcursed masses (Abyss:1)
  2 deep elf pyromancers (D:14)
  An alligator zombie (Swamp:4)
  18 ugly things
  3 orc sorcerers
  5 manticores
  5 will-o-the-wisps
  4 cyclopes
  Maurice (D:8)
  A moth of wrath (Orc:1)
  12 salamanders
  15 elephants
  7 guardian serpents
  21 naga magi
  Joseph (D:7)
  13 cane toads
  29 black mambas
  2 smoke demons
  Jeremiah (D:8)
  2 gargoyles (D:12)
  A freezing wraith (D:14)
  Maggie (D:8)
  An efreet (D:9)
  5 unseen horrors
  4 rime drakes
  7 komodo dragons
  6 kobold demonologists
  A tengu conjurer (D:12)
  Psyche (D:8)
  3 swamp worm zombies (Swamp:4)
  An ancient zyme (Abyss:1)
  13 trolls
  10 tyrant leeches
  2 polar bears (shapeshifter) (D:13)
  3 bloated husks
  20 hornets
  A hydra zombie (Swamp:4)
  5 raiju (Abyss:1)
  8 blink frogs
  8 dream sheep (Lair:5)
  3 spectral swamp dragons (Swamp:4)
  A vampire (D:13)
  Sigmund (D:6)
  11 slime creatures
  22 spriggans
  4 wraiths
  A naga simulacrum (Abyss:1)
  6 wyverns
  2 ynoxinuls
  3 shadows
  2 tyrant leech zombies (Swamp:4)
  53 yaks
  6 basilisks
  5 steam dragons
  18 vampire mosquitoes
  16 swamp worms
  2 acid dragons
  36 nagas
  11 water moccasins
  4 swamp drakes
  A hell hound (Volcano)
  5 sky beasts
  41 orc warriors
  6 swamp dragon zombies (Swamp:4)
  A black bear (D:7)
  5 laughing skulls
  2 ice beasts (D:6)
  3 boggarts
  5 ogres
  13 centaurs
  14 wolves
  4 lemures (D:6)
  5 phantoms (Swamp:4)
  Blork the orc (D:6)
  7 kobold brigands
  A brain worm (Abyss:1)
  18 bullfrogs
  2 necrophages (Swamp:3)
  2 gnoll sergeants
  3 scorpions
  A wight (D:8)
  18 killer bees
  5 howler monkeys
  4 bombardier beetles
  2 hounds
  A jelly (D:4)
  30 orc priests
  4 gnoll boudas
  2 sleepcaps
  2 iguanas
  24 orc wizards
  Terence (D:3)
  21 gnolls
  4 adders
  4 shadow imps
  2 white imps
  4 ufetubi (Abyss:1)
  2 dart slugs (D:1)
  A ribbon worm (D:3)
  90 orcs
  2 endoplasms
  2 giant cockroaches
  6 goblins
  8 hobgoblins
  3 jackals (D:1)
  16 kobolds
  2 quokkas
  4 ball pythons
  4 bats
  2 frilled lizards (D:3)
  6 rats
1104 creatures vanquished.

Vanquished Creatures (others)
  3 bloated husks
  A vampire mosquito (Swamp:4)
  2 phantoms (Swamp:4)
  A howler monkey (D:8)
  2 orcs
  21 foxfires
30 creatures vanquished.

Grand Total: 1134 creatures vanquished

Notes
Turn   | Place    | Note
-------+----------+-------------------------------------------
     0 | D:1      | cdecastro the Draconian Shapeshifter began the quest for
                  | the Orb.
     0 | D:1      | Reached XP level 1. HP: 16/16 MP: 1/1
    63 | D:1      | Reached XP level 2. HP: 19/23 MP: 2/2
   435 | D:1      | Reached XP level 3. HP: 24/28 MP: 3/3
  1057 | D:3      | Found a transporter.
  1058 | D:3      | Noticed a kobold demonologist
  1067 | D:3      | Reached skill level 4 in Unarmed Combat
  1140 | D:3      | Found Cunoiguo's Distillery.
  1153 | D:3      | Found Roj Okhlu's Weapon Boutique.
  1173 | D:3      | Found Plog's General Store.
  1194 | D:3      | Bought a scroll of teleportation for 33 gold pieces
  1194 | D:3      | Found Caxtyepn's Weapon Boutique.
  1278 | D:3      | Noticed Terence
  1287 | D:3      | Killed Terence
  1288 | D:3      | Reached XP level 4. HP: 28/35 MP: 1/4
  1364 | D:3      | Found a transporter.
  1519 | D:3      | Found an ancient bone altar of Kikubaaqudgha.
  1533 | D:3      | Became a worshipper of Kikubaaqudgha
  1725 | D:3      | Got Sif Muna's Thoughts on the Queen Bee and the Snowflakes
  1744 | D:3      | Found Ewyaz's Weapon Shoppe.
  1915 | D:3      | Found a glowing golden altar of the Shining One.
  1982 | D:4      | Noticed a scorpion
  2005 | D:4      | Killed a scorpion
  2006 | D:4      | Reached skill level 5 in Unarmed Combat
  2006 | D:4      | Reached XP level 5. HP: 40/40 MP: 5/5
  2222 | D:4      | Found a basalt altar of Yredelemnul.
  2348 | D:4      | Found a white marble altar of Elyvilon.
  2393 | D:4      | Noticed a sky beast
  2412 | D:4      | Killed a sky beast
  2413 | D:4      | Reached XP level 6. HP: 4/47 MP: 1/6
  2693 | D:4      | Reached skill level 6 in Unarmed Combat
  3405 | D:5      | Entered Level 5 of the Dungeon
  3487 | D:4      | Your scales start taking on a dull iron-grey colour.
  3487 | D:4      | Reached XP level 7. HP: 47/52 MP: 5/7
  3527 | D:4      | Reached skill level 5 in Shapeshifting
  3569 | D:4      | Reached skill level 7 in Unarmed Combat
  3800 | D:5      | Identified the +0 trident of the Real Monster {protect,
                  | Will++ rCorr}
  4093 | D:5      | Found a runed translucent door.
  4148 | D:5      | Reached * piety under Kikubaaqudgha
  4148 | D:5      | Received a gift from Kikubaaqudgha
  4157 | D:5      | Found Pat Gud's Antique Weapon Shop.
  4228 | D:5      | Got the Vellum of the Discharge and Inhalation
  4466 | D:5      | Noticed olddryhag's ghost (novice NaSh)
  4508 | D:5      | Reached skill level 8 in Unarmed Combat
  4540 | D:6      | Reached XP level 8. HP: 15/59 MP: 5/8
  4727 | D:6      | Noticed Sigmund
  4870 | D:6      | Noticed Blork the orc
  4882 | D:6      | Killed Blork the orc
  4985 | D:6      | Noticed Pikel
  5201 | D:3      | Bought a potion of mutation for 88 gold pieces
  5478 | D:6      | Found a staircase to the Ecumenical Temple.
  5530 | D:6      | Reached skill level 9 in Unarmed Combat
  5573 | Temple   | Entered the Ecumenical Temple
  5827 | D:6      | Found Iriginal's Magic Scroll Shoppe.
  5834 | D:6      | Bought a scroll of fear for 60 gold pieces
  6742 | D:7      | Noticed olmar's ghost (novice NaSh)
  6756 | D:7      | Noticed a hornet
  6757 | D:7      | Found a transporter.
  6770 | D:7      | Found a transporter.
  7076 | D:7      | Reached skill level 10 in Unarmed Combat
  7161 | D:7      | Reached XP level 9. HP: 64/64 MP: 9/9
  7473 | D:8      | Noticed Jeremiah
  7473 | D:8      | Found a hide-covered altar of Uskayaw.
  7719 | D:8      | Noticed Maggie
  7781 | D:8      | Killed Maggie
  7843 | D:8      | Noticed Psyche
  8124 | D:8      | Noticed Joseph
  8137 | D:7      | Killed Joseph
  8138 | D:7      | Reached skill level 11 in Unarmed Combat
  8374 | D:8      | Killed Jeremiah
  8656 | D:8      | Reached skill level 12 in Unarmed Combat
  8751 | D:7      | Reached XP level 10. HP: 59/72 MP: 8/10
  9012 | D:8      | Noticed a centaur warrior
  9106 | D:8      | Reached ** piety under Kikubaaqudgha
  9112 | D:8      | Killed a centaur warrior
  9113 | D:8      | Reached skill level 5 in Fighting
  9290 | D:8      | Noticed Maurice
  9298 | D:8      | Maurice stole an amulet of faith
  9303 | D:8      | Killed Maurice
  9558 | D:8      | You fall into a shaft and drop 3 floors!
  9674 | D:11     | Noticed Erolcha
  9820 | D:10     | Entered Level 10 of the Dungeon
  9870 | D:10     | Found a burning altar of Makhleb.
  9872 | D:10     | Noticed a two-headed ogre
  9936 | D:9      | Found a snail-covered altar of Cheibriados.
 10613 | D:9      | Noticed a two-headed ogre
 10629 | D:9      | Killed a two-headed ogre
 10630 | D:9      | Reached XP level 11. HP: 54/95 MP: 5/11
 11410 | D:9      | Reached *** piety under Kikubaaqudgha
 11410 | D:9      | Received a gift from Kikubaaqudgha
 11431 | D:9      | Reached skill level 10 in Shapeshifting
 11678 | D:9      | Found a shadowy altar of Dithmenos.
 11896 | D:9      | Reached skill level 10 in Fighting
 11931 | D:9      | Found a staircase to the Lair.
 12237 | D:9      | Killed a two-headed ogre
 12923 | D:10     | Found an ornate altar of the Wu Jian Council.
 13157 | D:10     | Noticed a two-headed ogre
 13171 | D:10     | Killed a two-headed ogre
 13172 | D:10     | Reached XP level 12. HP: 94/112 MP: 10/12
 13226 | D:10     | Found a hazy altar of Hepliaklqana.
 13294 | D:10     | Found a radiant altar of Vehumet.
 13736 | D:11     | Reached **** piety under Kikubaaqudgha
 14185 | D:11     | Identified the +6 leather armour of Viny Lucidity {rC++
                  | Regen+ Str-2 Dex-4}
 14446 | D:12     | Found a sacrificial altar of Ru.
 14524 | D:12     | Noticed a two-headed ogre
 14586 | D:12     | Noticed a boulder beetle
 14600 | D:12     | Killed a boulder beetle
 14625 | D:12     | Reached skill level 5 in Dodging
 14662 | D:12     | Identified the +6 broad axe "Egomyg" {pain, Int+3}
 14926 | D:12     | Killed a two-headed ogre
 15257 | D:11     | Killed Erolcha
 15421 | D:12     | Found a staircase to the Orcish Mines.
 15939 | D:12     | Found a portal to a secret trove of treasure.
 16595 | D:13     | Noticed a tengu warrior
 16622 | Orc:1    | Entered Level 1 of the Orcish Mines
 16867 | D:12     | Reached XP level 13. HP: 111/118 MP: 11/13
 17437 | D:13     | Reached ***** piety under Kikubaaqudgha
 18183 | D:13     | Found a gate to the Vaults.
 18920 | Orc:1    | Found a bloodstained altar of Trog.
 18920 | Orc:1    | Noticed asd2613's ghost (journeyman DrCj)
 18920 | Orc:1    | Noticed an orc warlord
 19071 | Orc:1    | Found a transporter.
 19174 | Orc:1    | Found a transporter.
 19395 | Orc:1    | Reached skill level 10 in Dodging
 19850 | Orc:2    | Entered Level 2 of the Orcish Mines
 20045 | Orc:2    | Reached skill level 1 in Necromancy
 20460 | Orc:2    | Found Rydiyxics's Armour Boutique.
 20542 | Orc:2    | Found a staircase to the Elven Halls.
 22360 | Orc:2    | Reached skill level 5 in Necromancy
 23051 | Orc:2    | Found Lacrem's Distillery.
 23054 | Orc:2    | Found Paqetrit's Antique Armour Shop.
 23055 | Orc:2    | Found Xesanuin's Distillery.
 23056 | Orc:2    | Found Zeuqiuje's Weapon Boutique.
 23059 | Orc:2    | Bought a potion of magic for 112 gold pieces
 23074 | Orc:2    | Bought a potion of berserk rage for 70 gold pieces
 23074 | Orc:2    | Bought a potion of resistance for 140 gold pieces
 23074 | Orc:2    | Bought a potion of attraction for 42 gold pieces
 23074 | Orc:2    | Bought a potion of might for 56 gold pieces
 23074 | Orc:2    | Bought a potion of enlightenment for 70 gold pieces
 23079 | Orc:2    | Bought a potion of haste for 140 gold pieces
 23079 | Orc:2    | Bought a potion of might for 56 gold pieces
 23079 | Orc:2    | Bought a potion of mutation for 112 gold pieces
 23079 | Orc:2    | Bought a potion of lignification for 42 gold pieces
 23081 | Orc:2    | Learned a level 1 spell: Necrotise
 23083 | Orc:2    | Learned a level 1 spell: Kiss of Death
 23087 | Orc:2    | Learned a level 3 spell: Fugue of the Fallen
 23090 | Orc:2    | Learned a level 2 spell: Cigotuvi's Dreadful Rot
 23095 | Orc:2    | Learned a level 4 spell: Dispel Undead
 23549 | D:5      | Killed olddryhag's ghost
 23642 | D:6      | Killed Sigmund
 23814 | D:6      | Killed Pikel
 24086 | D:7      | Reached XP level 14. HP: 126/126 MP: 14/14
 24243 | D:8      | Killed Psyche
 24379 | Lair:1   | Entered Level 1 of the Lair of Beasts
 26591 | Lair:2   | Noticed Nergalle
 26598 | Lair:2   | Killed Nergalle
 27162 | Lair:2   | Reached ****** piety under Kikubaaqudgha
 27165 | Lair:2   | Received a gift from Kikubaaqudgha (forbidden knowledge)
 27555 | Lair:2   | Found a staircase to the Swamp.
 28009 | Lair:3   | Reached skill level 13 in Unarmed Combat
 28570 | Lair:3   | Found a staircase to the Snake Pit.
 29624 | Lair:4   | Reached skill level 15 in Shapeshifting
 29718 | Lair:4   | Found a dark tunnel.
 29723 | Volcano  | Entered a volcano
 29876 | Volcano  | Identified the -2 helmet of Shadows and Fog {Str+5}
 29983 | Volcano  | Reached skill level 14 in Unarmed Combat
 29983 | Volcano  | Reached XP level 15. HP: 127/127 MP: 15/15
 30354 | Lair:5   | Entered Level 5 of the Lair of Beasts
 30458 | Lair:5   | Reached skill level 1 in Evocations
 30595 | Lair:5   | Reached XP level 16. HP: 139/139 MP: 16/16
 30788 | Lair:5   | Found a staircase to the Slime Pits.
 31083 | Lair:5   | Reached skill level 15 in Unarmed Combat
 31390 | Lair:5   | Reached skill level 5 in Evocations
 31762 | Lair:5   | Identified the +9 ring mail "Yler" {Fly SInv}
 32975 | D:14     | Found a blossoming altar of Fedhas.
 33176 | D:14     | Found a runed translucent gate.
 33178 | D:14     | Found a runed translucent gate.
 33179 | D:14     | Found a runed translucent gate.
 33180 | D:14     | Noticed SmokeWeed's ghost (journeyman MfGl)
 33181 | D:14     | Noticed Kapsuk's ghost (journeyman DECj)
 33612 | D:15     | Entered Level 15 of the Dungeon
 33695 | D:15     | Found Dubef's Book Boutique.
 33853 | D:15     | Found Nieri's Magic Scroll Shoppe.
 33860 | D:15     | Bought a scroll of enchant weapon for 97 gold pieces
 33860 | D:15     | Bought a scroll of blinking for 97 gold pieces
 33860 | D:15     | Bought a scroll of blinking for 97 gold pieces
 33860 | D:15     | Bought a scroll of identify for 26 gold pieces
 33860 | D:15     | Bought a scroll of teleportation for 39 gold pieces
 34089 | D:6      | Bought a scroll of brand weapon for 142 gold pieces
 34089 | D:6      | Bought a scroll of teleportation for 45 gold pieces
 34089 | D:6      | Bought a scroll of teleportation for 45 gold pieces
 34089 | D:6      | Bought a scroll of identify for 30 gold pieces
 34303 | D:15     | Found a shimmering altar of Xom.
 34303 | D:15     | Found a shimmering altar of Xom.
 34303 | D:15     | Found a shimmering altar of Xom.
 34304 | D:15     | Found a shimmering altar of Xom.
 34304 | D:15     | Found a shimmering altar of Xom.
 34304 | D:15     | Found a shimmering altar of Xom.
 34304 | D:15     | Found a shimmering altar of Xom.
 34502 | D:15     | Identified the +0 ring mail of Zeide {Rampage Int+4}
 34642 | D:15     | Found Poas's Distillery.
 35058 | D:15     | Reached skill level 16 in Unarmed Combat
 35089 | D:15     | Found a staircase to the Depths.
 35177 | D:15     | Bought a potion of heal wounds for 65 gold pieces
 35621 | Snake:1  | Entered Level 1 of the Snake Pit
 37088 | Snake:1  | Found a runed translucent door.
 37088 | Snake:1  | Noticed michknight7's ghost (journeyman MiFi)
 37198 | Snake:1  | Reached skill level 10 in Evocations
 38077 | Snake:1  | Killed michknight7's ghost
 38081 | Snake:1  | Identified the ring "Ebupusy" {rPois rF+ rN+ Will- Str+4}
 38463 | Snake:1  | Reached XP level 17. HP: 138/146 MP: 15/17
 38503 | Snake:2  | Identified the serpent talisman of the Game Afoot {Int+4
                  | Stlth-}
 38503 | Snake:2  | Noticed Aizul
 38526 | Snake:2  | Killed Aizul
 39895 | Snake:2  | You fall into a shaft and drop 1 floor!
 39918 | Snake:3  | Reached skill level 17 in Unarmed Combat
 42915 | Snake:3  | Reached skill level 10 in Necromancy
 42921 | Snake:3  | Learned a level 5 spell: Curse of Agony
 43372 | Snake:4  | Entered Level 4 of the Snake Pit
 43372 | Snake:4  | Found Oma Paga's Book Shoppe.
 43631 | Snake:4  | Noticed Vashnia
 44458 | Snake:3  | Reached skill level 18 in Unarmed Combat
 44914 | Snake:3  | Killed Vashnia
 44915 | Snake:3  | Reached skill level 1 in Spellcasting
 46434 | Snake:4  | Reached XP level 18. HP: 154/154 MP: 18/24
 46813 | Snake:4  | Reached skill level 5 in Spellcasting
 47128 | Snake:4  | Noticed Saint Roka
 47183 | Snake:4  | Killed Saint Roka
 47779 | Snake:4  | Learned a level 6 spell: Death Channel
 47932 | Snake:4  | Got a serpentine rune of Zot
 48399 | D:7      | Killed olmar's ghost
 48400 | D:7      | Reached skill level 19 in Unarmed Combat
 48594 | Swamp:1  | Entered Level 1 of the Swamp
 48850 | Swamp:1  | Paralysed by a fenstrider witch for 5 turns
 48862 | Swamp:1  | Paralysed by a fenstrider witch for 2 turns
 51084 | Swamp:3  | Found a runed translucent gate.
 51085 | Swamp:3  | Found a runed translucent gate.
 51086 | Swamp:3  | Found a runed translucent gate.
 51087 | Swamp:3  | Noticed swinepaste's ghost (journeyman DsMo)
 51087 | Swamp:3  | Noticed pleonasm's ghost (adept OnBe)
 51087 | Swamp:3  | Noticed Geruufump's ghost (adept MiBe)
 51345 | Swamp:3  | Identified a scroll of acquirement
 52266 | Swamp:4  | Entered Level 4 of the Swamp
 52282 | Swamp:4  | Reached skill level 20 in Unarmed Combat
 53354 | Swamp:4  | Paralysed by a hornet for 1 turns
 53483 | Abyss:1  | Cast into level 1 of the Abyss (spriggan)
 53484 | Abyss:1  | Found a stormy altar of Qazlal.
 53512 | Abyss:1  | Gained mutation: You are occasionally teleported next to
                  | monsters. [a cacodemon]
 53513 | Abyss:1  | Gained mutation: You are frail. (-10% HP) [a cacodemon]
 53520 | Abyss:1  | Gained mutation: You occasionally lose the ability to read
                  | scrolls when taking damage. [a cacodemon]
 53728 | Abyss:1  | Reached XP level 19. HP: 120/130 MP: 21/26
 53777 | Abyss:1  | Found a corrupted altar of Lugonu.
 53777 | Abyss:1  | Found a corrupted altar of Lugonu.
 53777 | Abyss:1  | Found a corrupted altar of Lugonu.
 53880 | Abyss:1  | Found a corrupted altar of Lugonu.
 53895 | Abyss:1  | Found a corrupted altar of Lugonu.
 53951 | Swamp:4  | Escaped the Abyss
 53968 | Swamp:4  | HP: 5/149 [alligator (19)]
 55050 | Swamp:4  | Noticed a bone dragon
 55185 | Swamp:4  | Got a decaying rune of Zot
 55324 | Swamp:4  | Killed a bone dragon
 55462 | Swamp:3  | Killed Geruufump's ghost
 55473 | Swamp:3  | Killed pleonasm's ghost
 55603 | Swamp:3  | Got Wikaoh's Atlas of Relocation and Charms
 56198 | Orc:1    | HP: 10/226 [troll (10)]
 56198 | Orc:1    | HP: 1/226 [troll (9)]
 56199 | Orc:1    | Slain by a troll

Illustrated notes

Levels and vault maps discovered:
D:1:      psy_arrival_dodecagon, layout_rooms, minmay_statues_item
D:2:      layout_basic
D:3:      gammafunk_wand_slinger, layout_basic, mainiacjoe_overflow_alcove_2,
          kiku_gazebo_garden_becter, serial_shops, shop, shop, shop,
          nicolae_shop_advertising_works [nicolae_subvault_shop_adworks], shop,
          uniq_terence
D:4:      layout_loops_ring, kennysheep_ying_yang, grunt_decor_clamped,
          lemuel_flame_loot_1
D:5:      layout_loops_cross, ebering_ghost_inner_flame, serial_shops,
          nicolae_shop_behind_doors
D:6:      layout_basic, minmay_temple_entry_enclosed_plants, serial_shops, shop,
          uniq_sigmund, uniq_blork_the_orc, uniq_pikel
D:7:      layout_cave_pods, gammafunk_ghost_hive, minmay_fountain_box,
          hangedman_decor_clover_reticule, nicolae_fountain_basement
D:8:      cheibrodos_ideogram_h, layout_basic,
          mainiacjoe_overflow_cross_hatched, uniq_psyche, uniq_joseph,
          uniq_jeremiah, uniq_maggie, uniq_maurice
D:9:      layout_cave_pods, grunt_dithmenos_shadows, old_standard_altar,
          erik_lair_dragon
D:10:     nzn_winding_woodlands_small [nzn_winding_woodlands_5x15_zeroes,
          nzn_winding_woodlands_center_garden,
          nzn_winding_woodlands_5x15_pathside_ponds], layout_loops_ring,
          nicolae_wu_jian_wuxing_cycle, lemuel_tele_altar,
          mainiacjoe_overflow_large_starburst
D:11:     layout_basic, uniq_erolcha
D:12:     layout_irregular_city, orc_0_dummy, gauntlet_entry_generic,
          nicolae_trove_entry_crystal, nicolae_ru_sacrificial_ziggurat
D:13:     layout_small_grid, david_vaults_4
D:14:     layout_roguey, minmay_misc_feat_secret_circle,
          gammafunk_ghost_cemetery, fedhas_altar_4
D:15:     hangedman_depths_entry_civil_slaughter, layout_long_grid,
          serial_shops, nicolae_shop_window_shopping, shop, shop_statue,
          xom_shifter_show
Temple:   chequers_temple_sunken
Lair:1:   layout_layer_cave
Lair:2:   layout_loops_ring, minmay_swamp_entry_swarm, grunt_megastairs_5,
          uniq_nergalle
Lair:3:   layout_layer_cave, minmay_snake_entry_guardpost_small,
          lemuel_fruit_tree
Lair:4:   layout_gridlike, enter_volcano_4, columned_hall_lemuel,
          hangedman_lair_unloving_vines
Lair:5:   hangedman_lair_in_review, layout_misc_corridors, slime_entry_1,
          serial_forest, infiniplex_forest_clump_large,
          infiniplex_forest_clump_long, infiniplex_forest_straight_5,
          infiniplex_forest_corner_2, infiniplex_forest_end_3,
          infiniplex_forest_clump_cross, chequers_serial_rivers_small_3,
          dreamdust_mushroom_princess
Swamp:1:  layout_basic_swamp, nicolae_swamp_tree_designs,
          infiniplex_staircase_pool_2
Swamp:2:  layout_basic_swamp, hangedman_swamp_ruin_wall,
          nicolae_swamp_decorative_isthmus
Swamp:3:  cheibrodos_swamp_heart_of_darkness, layout_basic_swamp,
          gammafunk_ghost_cemetery, nicolae_swamp_oxbows,
          infiniplex_staircase_pool
Swamp:4:  swamp_pestilence, layout_basic_swamp
Snake:1:  layout_onion, gammafunk_ghost_grave, nrook_guardian_serpent_ordinary
Snake:2:  layout_cave_town, uniq_aizul
Snake:3:  layout_honeycomb, nicolae_snake_gridmaze_entwining,
          nicolae_triple_integral
Snake:4:  snake_pit, layout_cave_town, serial_shops, nicolae_book_shop_shelving,
          nicolae_snake_snakes_in_the_grass, uniq_saint_roka, uniq_vashnia
Orc:1:    layout_caves, gammafunk_ghost_wrathful_warriors
Orc:2:    st_orc_pillars, layout_diamond_mine, serial_shops,
          nicolae_shop_tiny_statue_garden, statue_in_the_mist_lemuel

Skill      XL: |  1  2  3  4  5  6  7  8  9 10 11 12 13 14 15 16 17 18 19 |
---------------+----------------------------------------------------------+-----
Unarmed Combat | 4 5 6 8 10 12 14 16 18 20 | 20.0
Shapeshifting  | 4 5 6 8 9 11 12 13 15 16 | 16.7
Fighting       | 8 12 13 14 | 14.7
Dodging        | 8 10 | 10.1
Necromancy     | 6 8 11 | 11.0
Evocations     | 1 10 11 | 11.0
Spellcasting   | 4 5 |  5.0

Action                     |  1- 3 |  4- 6 |  7- 9 | 10-12 | 13-15 | 16-18 | 19-21 || total
---------------------------+-------+-------+-------+-------+-------+-------+-------++-------
  Melee: Unarmed           |   109 |   101 |   334 |   740 |  1296 |  1806 |   254 ||  4640
         Tailslap          |     9 |    16 |    53 |   128 |   283 |   398 |    49 ||   936
         Punch             |     5 |     5 |    17 |       |       |   149 |    39 ||   215
         Maw               |       |       |       |       |       |   364 |    39 ||   403
         Constrict         |       |       |       |       |       |     6 |       ||     6
   Cast: Fugue of the Fall |       |       |       |       |     1 |     3 |       ||     4
         Necrotise         |       |       |       |       |       |     6 |       ||     6
         Dispel Undead     |       |       |       |       |       |     6 |     6 ||    12
         Curse of Agony    |       |       |       |       |       |     2 |       ||     2
 Invoke: Torment           |       |       |       |       |     1 |       |       ||     1
         Receive Forbidden |       |       |       |       |     1 |       |       ||     1
  Evoke: Wand              |       |       |     1 |       |       |     2 |     3 ||     6
         Lightning rod     |       |       |       |       |       |       |     3 ||     3
    Use: Potion            |       |     1 |     1 |     4 |     2 |     6 |     3 ||    17
         Scroll            |       |       |     4 |     8 |     4 |    10 |     4 ||    30
   Stab: Distracted        |       |       |     1 |       |       |       |       ||     1
         Petrified         |       |       |       |       |       |     5 |       ||     5
         Confused          |       |       |       |       |       |     2 |       ||     2
         Sleeping          |       |       |       |       |       |     1 |       ||     1
 Armour: Skin              |    52 |    45 |   193 |   431 |   539 |  1168 |   181 ||  2609
  Dodge: Dodged            |    61 |    42 |   192 |   532 |  1052 |  1272 |   115 ||  3266
   Form: Flux              |       |       |     1 |       |       |     5 |       ||     6
         Maw               |       |       |       |       |       |     6 |     1 ||     7
         Serpent           |       |       |       |       |       |     2 |       ||     2
         Blade             |       |       |       |       |       |     3 |     1 ||     4
